 Dungeon Crawl Stone Soup version 0.31.0-2-g5a2aebc5c2 (webtiles) character file.

Game seed: 5906894213375129221

18 Sweeb the Ducker (level 2, 0/22 HPs)
             Began as a Demonspawn Gladiator on Jan 20, 2024.
             Slain by a jackal (1 damage)
             ... on level 2 of the Dungeon.
             The game lasted 00:01:46 (814 turns).

Sweeb the Ducker (Demonspawn Gladiator)              Turns: 814, Time: 00:01:48

Health: 0/22       AC:  5    Str: 14    XL:     2   Next: 48%
Magic:  2/2        EV: 12    Int:  8    God:
Gold:   61         SH:  0    Dex: 14    Spells: 1/1 levels left

rFire   . . .        a - +0 flail
rCold   . . .        (no shield)
rNeg    . . .        b - +0 leather armour
rPois   .            c - +1 helmet
rElec   .            (no cloak)
rCorr   .            (no gloves)
SInv    .            (no boots)
Will    .....        (no amulet)
Stlth   +            (no ring)
HPRegen 1.23/turn    (no ring)
MPRegen 0.08/turn

%: no passive effects
@: no status effects
A: powered by death 1
a: no special abilities


You were on level 2 of the Dungeon.
You visited 1 branch of the dungeon, and saw 2 of its levels.

You collected 61 gold pieces.

Inventory:

Hand Weapons
 a - a +0 flail (weapon)
Missiles
 d - 3 throwing nets (quivered)
 e - a javelin
Armour
 b - a +0 leather armour (worn)
 c - a +1 helmet (worn)
Jewellery
 j - a ring of resist corrosion
Potions
 h - a potion of enlightenment
 k - a potion of magic


   Skills:
 + Level 2.3 Fighting
 + Level 2.9 Maces & Flails
 + Level 2.1 Throwing
 + Level 2.9 Dodging


You had one spell level left.
You didn't know any spells.
Your spell library contained the following spells:

 Spells                   Type           Power      Damage    Failure   Level
 Inner Flame              Hex/Fire       0%         N/A       86%         3
 Irradiate                Conj/Alch      0%         3d11      100%        5
 Ignition                 Fire           0%         3d3       100%        8


Dungeon Overview and Level Annotations

Branches:
Dungeon (2/15)

Altars:

Shops:
D:1 (


Innate Abilities, Weirdness & Mutations

You regenerate a little health from kills.


Message History

The jackal closely misses you. The jackal bites you. x2
You closely miss the jackal. The adder bites you but does no damage.
The jackal completely misses you. The jackal barely misses you.
The jackal bites you but does no damage.
The adder misses you. The jackal closely misses you.
The jackal barely misses you. x2
Unknown command.
You closely miss the jackal.
The jackal bites you but does no damage. x3
The adder bites you but does no damage. The jackal misses you.
The adder bites you.
The jackal bites you but does no damage. x2
You hit the jackal.
The jackal is severely wounded.
The jackal bites you.
* * * LOW HITPOINT WARNING * * *
The jackal misses you. The jackal bites you.
* * * LOW HITPOINT WARNING * * *
The adder closely misses you.
You sock the jackal!
You kill the jackal!
The jackal misses you. The jackal closely misses you.
The adder completely misses you. The jackal closely misses you.
The jackal barely misses you. The adder closely misses you.
You hit the jackal.
You kill the jackal!
The jackal misses you.
The jackal bites you but does no damage.
The adder bites you but does no damage. The jackal bites you.
* * * LOW HITPOINT WARNING * * *
The jackal bites you.
* * * LOW HITPOINT WARNING * * *
The jackal barely misses you.
You barely miss the jackal. The adder closely misses you.
The jackal misses you. x2; The jackal bites you.
* * * LOW HITPOINT WARNING * * *
The adder bites you.
* * * LOW HITPOINT WARNING * * *
The jackal bites you.
You die...

## .. ..# .. #..#
##.###....
..###......... .
####........ .$....
#h@Sg.....# #......
###h#h......##..#..
.#..g........#.....
.................#
.................#
...##..######<.†##
... #.. ##### ..
###


You could see an adder, 3 jackals and 2 hobgoblins.

Vanquished Creatures
  2 endoplasms (D:1)
  2 goblins (D:1)
  A hobgoblin (D:1)
  6 jackals
  A kobold (D:1)
  A quokka (D:1)
  A frilled lizard (D:2)
14 creatures vanquished.

Notes
Turn   | Place    | Note
-------+----------+-------------------------------------------
     0 | D:1      | Sweeb the Demonspawn Gladiator began the quest for the Orb.
     0 | D:1      | Reached XP level 1. HP: 16/16 MP: 1/1
    98 | D:1      | Found a faded altar of an unknown god.
   119 | D:1      | Gained mutation: You regenerate a little health from kills.
                  | [demonic ancestry]
   119 | D:1      | Reached XP level 2. HP: 20/22 MP: 2/2
   220 | D:1      | Found Ytimn's Weapon Shop.
   814 | D:2      | HP: 1/22 [adder (3)]
   814 | D:2      | Slain by a jackal

Illustrated notes

Levels and vault maps discovered:
D:1:      lightli_arrival_windingriver, layout_loops_ring, serial_shops,
          nicolae_shop_bloodbath_and_beyond,
          hellmonk_ecumenical_altar_dog_temple, item_on_display_b
D:2:      layout_rooms

Skill      XL: |  1 |
---------------+----+-----
Throwing       | 2 |  2.1
Fighting       | |  2.3
Maces & Flails | |  2.9
Dodging        | |  2.9

Action                     || total
---------------------------++-------
  Melee: Flail             ||    55
         Punch             ||     1
    Use: Scroll            ||     5
 Armour: Leather armour    ||    65
  Dodge: Dodged            ||    68
